 Dungeon Crawl Stone Soup version 0.30-a0-743-gbfdf073 (webtiles) character file.

Game seed: 13899176090169947229

3285 Illumine the Grappler (level 9, -2/88 HPs)
             Began as a Troll Cinder Acolyte on Feb 8, 2023.
             Was an Elder of Ignis.
             Slain by a sky beast (5 damage)
             ... on level 7 of the Dungeon.
             The game lasted 00:07:30 (4811 turns).

Illumine the Grappler (Troll Cinder Acolyte)        Turns: 4811, Time: 00:07:31

Health: -2/88      AC:  6    Str: 28    XL:     9   Next: 69%
Magic:  9/9        EV:  9    Int: 10    God:    Ignis [****..]
Gold:   405        SH:  7    Dex: 11    Spells: 10/10 levels left

rFire   + . .      SeeInvis .      - Unarmed
rCold   . . .      Faith    .    j - +0 kite shield
rNeg    . . .      Spirit   .    b - +0 robe
rPois   .          Reflect  .    h - +1 hat
rElec   .          Harm     .    q - +0 cloak
rCorr   .          Rampage  .    (gloves unavailable)
Will    +....                    (boots unavailable)
Stlth   +                        (no amulet)
HPRegen 1.14/turn                d - ring of willpower
MPRegen 0.11/turn                i - +6 ring of dexterity

@: no status effects
A: large, unfitting armour, claws 3, regeneration 1, shaggy fur 1, tough skin 1
a: Renounce Religion, Fiery Armour, Foxfire Swarm, Rising Flame


You were on level 7 of the Dungeon.
You worshipped Ignis.
Ignis was greatly pleased with you.
You visited 2 branches of the dungeon, and saw 8 of its levels.
You also visited: Ossuary.

You collected 405 gold pieces.

Inventory:

Hand Weapons
 a - a -1 falchion of flaming
 g - a +0 great sword
Missiles
 l - 11 javelins (quivered)
 m - 6 atropa-tipped darts
Armour
 b - a +0 robe (worn)
 h - a +1 hat (worn)
 j - a +0 kite shield (worn)
 q - a +0 cloak (worn)
Jewellery
 d - a ring of willpower (left claw)
 i - a +6 ring of dexterity (right claw)
 y - an amulet of magic regeneration
Wands
 H - a wand of mindburst (13)
 I - a wand of flame (28)
Scrolls
 e - 7 scrolls of teleportation
 f - a scroll of fog
 k - a scroll of fear
 o - a scroll of blinking {unknown}
 p - a scroll of brand weapon
 t - 4 scrolls of amnesia
 u - a scroll of magic mapping
 B - a scroll of enchant armour {unknown}
 C - a scroll of vulnerability
 D - a scroll of enchant weapon {unknown}
 E - a scroll of poison {unknown}
 F - a scroll of torment {unknown}
 J - a scroll of noise {unknown}
Potions
 c - a potion of brilliance {unknown}
 n - 2 potions of curing {unknown}
 s - 4 potions of mutation
 v - 2 potions of flight {unknown}
 w - 2 potions of haste {unknown}
 x - 4 potions of might {unknown}
 z - 2 potions of heal wounds {unknown}
 A - 2 potions of lignification {unknown}
 G - a potion of berserk rage {unknown}


   Skills:
 + Level 5.2 Fighting
 - Level 2.4 Long Blades
 + Level 4.8 Throwing
 - Level 4.3 Dodging
 + Level 1.8 Shields
 * Level 9.5 Unarmed Combat
 - Level 1.0 Spellcasting
 - Level 2.1 Fire Magic


You had 10 spell levels left.
You didn't know any spells.
Your spell library contained the following spells:

 Spells                   Type           Power      Damage    Failure   Level
 Scorch                   Fire           8%         2d5       47%         2
 Apportation              Tloc           0%         N/A       65%         1
 Necrotise                Necr           0%         1d4       65%         1
 Summon Small Mammal      Summ           0%         N/A       65%         1
 Blink                    Tloc           0%         N/A       78%         2
 Ignite Poison            Fire/Tmut/Pois 1%         N/A       89%         3
 Kindle Blastsparks       Fire/Tloc/Air  2%         2d10      89%         3
 Portal Projectile        Hex/Tloc       0%         N/A       95%         3
 Tukima's Dance           Hex            0%         N/A       95%         3
 Animate Armour           Summ/Erth      0%         N/A       100%        4
 Manifold Assault         Tloc           0%         N/A       100%        4
 Blade Hands              Tmut           0%         N/A       100%        5
 Freezing Cloud           Conj/Ice/Air   0%         6-21      100%        5
 Iron Shot                Conj/Erth      0%         9d1       100%        6
 Storm Form               Tmut/Air       0%         N/A       100%        7


Dungeon Overview and Level Annotations

Branches:
Dungeon (7/15)             Temple (1/1) D:6         Ossuary (visited)

Altars:
Dithmenos
Elyvilon
Gozag
Hepliaklqana
Nemelex Xobeh
Qazlal


Innate Abilities, Weirdness & Mutations

You are too large for most types of armour.
You have claws for hands.
Your natural rate of healing is unusually fast.
You are covered in fur. (AC +1)
You have tough skin. (AC +1)


Message History

You feel sick. The bullfrog hits you. You block the orc's attack.
You closely miss the bullfrog.
The bullfrog is almost dead.
You feel sick. The bullfrog hits you. The orc hits you with a +0 hand axe.
You block the bullfrog's attack.
You claw the bullfrog!
You kill the bullfrog!
You feel sick. The orc hits you with a +0 hand axe.
The sky beast flickers out of sight!
Deactivating autopickup; reactivate with Ctrl-A.
Your life force feels restored.
You claw the orc!
You kill the orc!
You feel sick. Something hits you.
* * * LOW HITPOINT WARNING * * *
Something shocks you.
* * * LOW HITPOINT WARNING * * *
You completely miss something.
You feel sick.
A sky beast appears from thin air!
Reactivating autopickup.
The sky beast hits you.
* * * LOW HITPOINT WARNING * * *
The sky beast shocks you.
* * * LOW HITPOINT WARNING * * *
You mangle the sky beast!!
The sky beast is severely wounded.
You feel sick. The sky beast hits you.
* * * LOW HITPOINT WARNING * * *
The sky beast shocks you.
* * * LOW HITPOINT WARNING * * *
You claw the sky beast!
The sky beast is almost dead.
You feel sick.
You are no longer poisoned.
The sky beast flickers out of sight!
Deactivating autopickup; reactivate with Ctrl-A.
Something hits you.
* * * LOW HITPOINT WARNING * * *
Something shocks you.
You die...

.#.##.#.#
.......#.####
..#.#....#..
.........#.##### #
..#........#...#.##
...................
#..⌠.⌠>..).......#
#..._....#{......#
..#⌠.⌠...§@<...#.#
##..###..).#.# ##.
#.##.# # # #.# ...
#.# ..... #.#
##.... #.# ..<. ###
....


There were no monsters in sight!

Vanquished Creatures
  Sigmund (D:5)
  3 water moccasins
  An orc warrior (D:6)
  2 black bears
  3 ice beasts
  An ogre (D:5)
  A phantom (D:6)
  3 bullfrogs
  A necrophage (D:6)
  3 scorpions
  2 wyvern zombies (Ossuary)
  4 wights
  A water moccasin zombie (Ossuary)
  6 bullfrog zombies (Ossuary)
  3 centaur zombies (Ossuary)
  4 hounds
  2 orc priests (D:6)
  Terence (D:2)
  Jessica (D:2)
  5 iguanas
  13 mummies (Ossuary)
  An orc wizard (D:7)
  A killer bee zombie (Ossuary)
  4 howler monkey zombies (Ossuary)
  3 gnolls (D:5)
  14 adders
  4 ufetubi
  5 worms
  4 dart slugs
  7 orcs
  6 endoplasms
  4 giant cockroaches
  7 goblins
  9 hobgoblins
  10 jackals
  4 quokkas
  6 ball pythons
  3 bats
  2 frilled lizards (D:1)
  7 kobolds
  14 rats
176 creatures vanquished.

Vanquished Creatures (others)
  7 plants (D:3)
  3 withered plants (Ossuary)
10 creatures vanquished.

Grand Total: 186 creatures vanquished

Notes
Turn   | Place    | Note
-------+----------+-------------------------------------------
     0 | D:1      | Illumine the Troll Cinder Acolyte began the quest for the
                  | Orb.
     0 | D:1      | Reached XP level 1. HP: 22/22 MP: 1/1
    81 | D:1      | Reached skill level 1 in Unarmed Combat
   243 | D:1      | Reached XP level 2. HP: 24/29 MP: 2/2
   410 | D:1      | Reached skill level 2 in Unarmed Combat
   640 | D:1      | Reached XP level 3. HP: 36/36 MP: 3/3
   771 | D:1      | Reached skill level 3 in Unarmed Combat
   908 | D:2      | Noticed Terence
   923 | D:2      | Killed Terence
   924 | D:2      | Reached XP level 4. HP: 36/44 MP: 4/4
   926 | D:2      | Reached skill level 4 in Unarmed Combat
  1163 | D:2      | Found a faded altar of an unknown god.
  1448 | D:2      | Noticed Jessica
  1451 | D:2      | Killed Jessica
  1452 | D:2      | Reached XP level 5. HP: 50/50 MP: 5/5
  1637 | D:3      | Reached skill level 1 in Dodging
  1841 | D:3      | Reached skill level 5 in Unarmed Combat
  1920 | D:3      | Found a hazy altar of Hepliaklqana.
  2261 | D:4      | Found a sand-covered staircase.
  2266 | Ossuary  | Entered an ossuary
  2288 | Ossuary  | Reached XP level 6. HP: 29/59 MP: 6/6
  2301 | Ossuary  | Reached skill level 1 in Throwing
  2352 | Ossuary  | Reached skill level 6 in Unarmed Combat
  2352 | Ossuary  | Reached XP level 7. HP: 66/66 MP: 7/7
  2700 | D:4      | Identified the +3 leather armour of the Hidden Vale {+Inv
                  | rC- Will+}
  2816 | D:4      | Reached XP level 8. HP: 74/75 MP: 8/8
  2818 | D:4      | Reached skill level 7 in Unarmed Combat
  3056 | D:5      | Entered Level 5 of the Dungeon
  3078 | D:5      | Found a stormy altar of Qazlal.
  3336 | D:5      | Found an opulent altar of Gozag.
  3406 | D:5      | Reached skill level 8 in Unarmed Combat
  3416 | D:5      | Found a white marble altar of Elyvilon.
  3605 | D:5      | Found a shadowy altar of Dithmenos.
  3617 | D:5      | Noticed Sigmund
  3628 | D:5      | Killed Sigmund
  3629 | D:5      | Reached XP level 9. HP: 85/85 MP: 9/9
  4132 | D:6      | Found a staircase to the Ecumenical Temple.
  4402 | D:6      | Reached skill level 9 in Unarmed Combat
  4694 | Temple   | Entered the Ecumenical Temple
  4703 | D:7      | Found a sparkling altar of Nemelex Xobeh.
  4709 | D:7      | Reached skill level 5 in Fighting
  4709 | D:7      | Reached skill level 1 in Shields
  4810 | D:7      | HP: 3/88 [sky beast (5)]
  4811 | D:7      | Slain by a sky beast

Illustrated notes

Levels and vault maps discovered:
D:1:      tarquinn_simple_flora_water_b, layout_loops_corners, hex_tiny
D:2:      layout_loops_ring, hellmonk_ecumenical_altar_leap_of_faith,
          uniq_jessica, uniq_terence
D:3:      layout_basic, nicolae_hepliaklqana_hazy_memory, serial_bayou_lagoon_b
D:4:      minmay_opposing_rooms, layout_basic, enter_ossuary_5
D:5:      layout_gridville, nicolae_gozag_seed_capital, grunt_qazlal_clouds,
          elyvilon_altar_4, mainiacjoe_overflow_24_doors, uniq_sigmund
D:6:      black_bear_nest_2, layout_basic, minmay_temple_entry_grid
D:7:      layout_loops_cross, mainiacjoe_overflow_alcove_2,
          nemelex_xobeh_ov_fountains_minmay, nicolae_zen_rock_garden,
          minivault_26, uniq_prince_ribbit1
Temple:   hellmonk_temple_forest_ring

Skill      XL: |  1  2  3  4  5  6  7  8  9 |
---------------+----------------------------+-----
Unarmed Combat | 1 2 3 4 5 6 8 9 |  9.5
Dodging        | 1 2 3 4 |  4.3
Throwing       | 1 2 3 4 |  4.8
Fighting       | 3 4 5 |  5.2
Shields        | 1 |  1.8
Long Blades    | |  2.4
Spellcasting   | |  1.0
Fire Magic     | |  2.1

Action                     |  1- 3 |  4- 6 |  7- 9 || total
---------------------------+-------+-------+-------++-------
  Melee: Falchion          |    30 |       |       ||    30
         Unarmed           |   114 |   130 |   252 ||   496
         Punch             |       |     1 |    12 ||    13
 Invoke: Fiery Armour      |     1 |     1 |     3 ||     5
    Use: Scroll            |       |       |    11 ||    11
   Stab: Sleeping          |       |     1 |     1 ||     2
 Armour: Robe              |    56 |    47 |    86 ||   189
  Dodge: Dodged            |    83 |    48 |   105 ||   236
  Block: Kite shield       |       |       |    21 ||    21

Table legend: (Time is in decaauts)
 A = Elapsed time spent in this place.
 B = Non-inter-level travel time spent in this place.
 C = Inter-level travel time spent in this place.
 D = Time resting spent in this place.
 E = Time spent auto-exploring this place.
 F = Levels seen in this place.
 G = Mean time per level.
                   A        B        C        D        E       F      G
               +--------+--------+--------+--------+--------+-----+--------+
         Total |   4770 |   4550 |    220 |    194 |   3047 |   9 |  530.0 |
       Dungeon |   4400 |   4180 |    220 |    183 |   2928 |   7 |  628.6 |
        Temple |      1 |      1 |      0 |      0 |      0 |   1 |    1.0 |
       Ossuary |    368 |    368 |      0 |     11 |    119 |   1 |  368.0 |
               +--------+--------+--------+--------+--------+-----+--------+

Top non-repeatable levels by time:
     D:6: 890 daAuts
     D:1: 870 daAuts
     D:5: 804 daAuts
     D:2: 755 daAuts
     D:3: 597 daAuts
     D:4: 436 daAuts
 Ossuary: 368 daAuts
     D:7: 45 daAuts
  Temple: 1 daAuts
